 Dungeon Crawl Stone Soup version 0.22-a0-605-g9281fa2 (webtiles) character file.

109 TheOrbIsALie the Conjurer (level 4, 0/30 HPs)
             Began as a Demonspawn Wizard on July 7, 2018.
             Slain by a phantom (8 damage)
             ... on level 4 of the Dungeon.
             The game lasted 00:06:03 (2380 turns).

TheOrbIsALie the Conjurer (Demonspawn Wizard)       Turns: 2380, Time: 00:06:03

Health: 0/30       AC:  3    Str:  8    XL:     4   Next: 60%
Magic:  0/8        EV: 12    Int: 20    God:
Gold:   107        SH:  0    Dex: 11    Spells: 2/9 levels left

rFire    . . .     SeeInvis .   (no weapon)
rCold    . . .     Gourm    .   (no shield)
rNeg     . . .     Faith    .   a - +0 robe
rPois    .         Spirit   .   b - +0 hat
rElec    .         Reflect  .   (no cloak)
rCorr    .         Harm     .   (no gloves)
MR       .....                  m - +0 pair of boots
Stlth    ++........             (no amulet)
HPRegen  0.10/turn              (no ring)
MPRegen  0.11/turn              (no ring)

@: no status effects
A: claws 1, powered by death 1
a: no special abilities


You were on level 4 of the Dungeon.
You were hungry.

You visited 1 branch of the dungeon, and saw 4 of its levels.

You collected 107 gold pieces.

Inventory:

Hand Weapons
 n - a +2 dagger of draining
Armour
 a - a +0 robe (worn)
 b - a +0 hat (worn)
 k - a +2 scale mail of fire resistance
 m - a +0 pair of boots (worn)
Scrolls
 c - 2 scrolls of amnesia {unknown}
 g - 9 scrolls of identify {unknown}
 h - a scroll of immolation {unknown}
 i - a scroll of teleportation {unknown}
 j - a scroll of noise {unknown}
Potions
 e - a potion of curing
 f - a potion of haste {unknown}
 l - 2 potions of heal wounds {unknown}
Comestibles
 d - 9 rations


   Skills:
 - Level 1.7 Dodging
 - Level 1.7 Stealth
 - Level 3.0 Spellcasting
 + Level 4.5 Conjurations
   Level 1.0 Summonings
   Level 0.8 Translocations


You had 2 spell levels left.
You knew the following spells:

 Your Spells              Type           Power        Failure   Level  Hunger
a - Magic Dart            Conj           ###.         2%          1    None
b - Conjure Flame         Conj/Fire      ##......     17%         3    ###....
c - Mephitic Cloud        Conj/Pois/Air  #.......     22%         3    ###....

Your spell library contained the following spells:

 Spells                   Type           Power        Failure   Level  Hunger
 Slow                     Hex            #.......     22%         2    ##.....
 Blink                    Tloc           N/A          16%         2    ##.....
 Call Imp                 Summ           #.......     14%         2    ##.....


Dungeon Overview and Level Annotations

Branches:
Dungeon (4/15)
 Temple: D:4-7

Altars:
Ashenzari

Annotations:
D:3 Robin
D:4 2 runed doors, Narkly's ghost, amateur DDFi


Innate Abilities, Weirdness & Mutations

You have sharp fingernails.
You regenerate a little health from kills.


Message History

Confirm with . or Enter, or press ? or * to list all spells.
Aiming: Magic Dart (safe; 2% risk of failure)
Press: ? - help, Shift-Dir - straight line, f/p - phantom
Aim: a phantom (almost destroyed)
The magic dart hits the phantom.
The phantom is almost destroyed.
You barely miss the phantom.
The phantom is almost destroyed.
The phantom hits you!
You closely miss the phantom.
The phantom is almost destroyed.
The phantom hits you!
* * * LOW HITPOINT WARNING * * *
You scratch the phantom.
The phantom is almost destroyed.
The phantom barely misses you.
You scratch the phantom but do no damage.
The phantom is almost destroyed.
The phantom hits you!
You die...

#.............)# .#
#...+≈#
..........##.(.##.#
##..+.^
#########.........#
##.#.8 #.........#
#W#W. ##.......##
#.##^ ###...### #.#
# #...# #.#
##.###############.#
#..W@.............#
###################


You could see a phantom.

Vanquished Creatures
  Terence (D:2)
  3 adders
  3 dart slugs
  2 leopard geckos
  3 orcs (D:4)
  7 goblins
  4 hobgoblins
  A quokka (D:2)
  6 bats
  5 frilled lizards
  6 kobolds
  A quokka skeleton (D:4)
  8 rats
50 creatures vanquished.

Notes
Turn   | Place    | Note
-------+----------+-------------------------------------------
     0 | D:1      | TheOrbIsALie the Demonspawn Wizard began the quest for the Orb.
     0 | D:1      | Reached XP level 1. HP: 13/13 MP: 4/4
   227 | D:1      | Reached skill level 2 in Conjurations
   263 | D:1      | Gained mutation: You have sharp fingernails. [demonic ancestry]
   263 | D:1      | Reached XP level 2. HP: 19/19 MP: 3/6
  1130 | D:2      | Reached skill level 3 in Conjurations
  1130 | D:2      | Reached XP level 3. HP: 24/24 MP: 2/7
  1528 | D:2      | Noticed Terence
  1577 | D:1      | Learned a level 3 spell: Conjure Flame
  1581 | D:1      | Learned a level 3 spell: Mephitic Cloud
  1620 | D:2      | Killed Terence
  1620 | D:2      | Reached skill level 4 in Conjurations
  1620 | D:2      | Gained mutation: You regenerate a little health from kills. [demonic ancestry]
  1620 | D:2      | Reached XP level 4. HP: 30/30 MP: 1/8
  1869 | D:3      | Found a shattered altar of Ashenzari.
  1870 | D:3      | Noticed Robin
  2313 | D:4      | Found a large runed door.
  2314 | D:4      | Found a large runed door.
  2317 | D:4      | Noticed Narkly's ghost (amateur DDFi)
  2318 | D:4      | Noticed a phantom
  2380 | D:4      | Slain by a phantom

Vault maps used:
D:1:      ncdulo_smallfort, serial_forest, infiniplex_forest_zigzag_1,
          infiniplex_forest_straight_1, infiniplex_forest_clump_tiny,
          infiniplex_forest_lined_2, infiniplex_forest_straight_2,
          infiniplex_forest_end_3
D:2:      uniq_terence
D:3:      minmay_diamond_boxcup, ashenzari_conservatory_becter,
          minmay_checkerbox, uniq_robin, uniq_ijyb, uniq_natasha,
          uniq_crazy_yiuf_cottage
D:4:      ebering_ghost_disaster_area, first_ration, uniq_grinder

Skill      XL: |  1  2  3 |
---------------+----------+-----
Conjurations   | 2 3 4 |  4.5
Dodging        | |  1.7
Stealth        | |  1.7
Spellcasting   | |  3.0
Summonings     | |  1.0
Translocations | |  0.8

Action                   |  1- 3 |  4- 6 || total
-------------------------+-------+-------++-------
Melee: Unarmed           |    21 |     8 ||    29
 Cast: Magic Dart        |    76 |    34 ||   110
       Mephitic Cloud    |     1 |     1 ||     2
       Conjure Flame     |     1 |       ||     1
  Use: Potion            |       |     1 ||     1
  Eat: Chunk             |     2 |     2 ||     4
Armor: Robe              |     3 |     2 ||     5
Dodge: Dodged            |    25 |    14 ||    39

Table legend:
 A = Spawn XP
 B = Non-spawn XP
 C = Spawn XP percentage of total XP
 D = Spawn monster count
 E = Non-spawn monster count
 F = Spawn count percentage of total count
 G = Total turns spent on level
                    A         B        C        D         E        F      G
               +---------+---------+-------+---------+---------+-------+---------
         Total |       0 |     157 |   0.0 |       0 |      50 |   0.0 |  2380
               +---------+---------+-------+---------+---------+-------+---------
           D:1 |       0 |      28 |   0.0 |       0 |      18 |   0.0 |   980
           D:2 |       0 |      95 |   0.0 |       0 |      21 |   0.0 |   875
           D:3 |       0 |      18 |   0.0 |       0 |       4 |   0.0 |    66
           D:4 |       0 |      16 |   0.0 |       0 |       7 |   0.0 |   459
               +---------+---------+-------+---------+---------+-------+---------
